Bruins vs Avalanche

Created - March 12, 2015 at 18:14

Goals
1 2 3 T
Bruins 1 0 1 2
Avalanche 1 2 0 3
Shots
1 2 3 T
Bruins 9 4 13 26
Avalanche 9 10 10 29

1st period

1. Bruins , Ryan Spooner 4 (Drew Doughty) at 6:47
2. Avalanche , Vincent Lecavalier 11 (Tyson Barrie, Riley Sheahan) at 18:11

Penalties :
Quinton Howden (COL) for Interference (Minor) at 4:13, Dougie Hamilton (BOS) for Roughing (Minor) at 9:37, Dougie Hamilton (BOS) for Holding (Minor) at 12:10

2nd period

3. Avalanche , Derek Roy 13 (Valeri Nichushkin, Tyson Barrie) at 15:20
4. Avalanche , Derek Stepan 25 (Kevin Shattenkirk, Marcus Johansson) at 18:38

Penalties :
Robyn Regehr (COL) for Roughing (Minor) at 1:48, Drew Doughty (BOS) for Holding (Minor) at 3:52, Andrew Ladd (BOS) for Unsportsmanlike conduct (Major / Game Misconduct) at 9:30, Robyn Regehr (COL) for Hooking (Minor) at 19:34

3rd period

5. Bruins , Reilly Smith 7 (Torey Krug, John Carlson) at 0:30 (PP)

Penalties :
Matt Bartkowski (BOS) for Hooking (Minor) at 9:33

Goalie Stats

Tuukka Rask (BOS), 26 saves from 29 shots - (0.897), L, 34-18-4, 59:11 minutes
Martin Jones (COL), 24 saves from 26 shots - (0.923), W, 14-15-3, 60:00 minutes

Players Stats for Bruins

Player Name              G  A  P  +/- PIM S  H  SB GA TA FO     MP     PP MP  PK MP  
------------------------------------------------------------------------------------
Andrew Ladd              0  0  0   0  15  1  1  0  0  0  3/4     9:54   1:58   2:38 
Brad Marchand            0  0  0  -1  0   5  0  1  0  0  0/0    15:23   0:02   3:23 
Carl Soderberg           0  0  0  -1  0   1  4  0  0  0  3/5    21:52   2:00   5:06 
Daniel Paille            0  0  0   1  0   0  0  0  0  0  0/0     7:03   0:00   0:00 
Dougie Hamilton          0  0  0   0  4   1  6  2  0  0  0/0    20:39   1:39   3:53 
Drew Doughty             0  1  1   1  2   1  7  3  0  0  0/0    21:13   1:39   3:02 
Jakub Voracek            0  0  0  -2  0   6  0  0  0  0  1/1    17:49   2:54   0:00 
John Carlson             0  1  1   0  0   1  2  0  0  0  0/0    24:45   2:57   5:57 
Matt Bartkowski          0  0  0  -3  2   0  1  0  0  0  0/0    10:04   0:00   0:18 
Matt Moulson             0  0  0   0  0   0  1  0  0  0  0/0    16:29   0:00   7:23 
Niklas Kronwall          0  0  0   1  0   0  1  1  0  0  0/0    23:20   0:18   6:29 
Patrice Bergeron         0  0  0  -1  0   1  2  1  0  0  13/25  23:08   2:00   6:02 
Reilly Smith             1  0  1  -2  0   3  0  0  0  0  0/1    14:15   0:54   0:26 
Ryan Callahan            0  0  0   1  0   1  3  0  0  0  0/0     7:03   0:00   0:00 
Ryan Spooner             1  0  1   1  0   1  0  0  0  0  2/10    7:55   0:00   0:52 
Ryan Strome              0  0  0   0  0   2  1  0  0  0  8/18   12:00   2:54   0:00 
Torey Krug               0  1  1  -3  0   0  1  0  0  0  0/0    19:55   3:15   6:11 
Zach Parise              0  0  0  -2  0   2  1  0  0  0  6/16   14:13   2:00   0:00 

Players Stats for Avalanche

Player Name              G  A  P  +/- PIM S  H  SB GA TA FO     MP     PP MP  PK MP  
------------------------------------------------------------------------------------
Boone Jenner             0  0  0   1  0   0  2  0  0  0  1/1    14:38   0:47   0:00 
Cody Hodgson             0  0  0   1  0   3  0  1  0  0  2/3    21:16   6:12   0:00 
Colby Robak              0  0  0  -1  0   0  0  1  0  0  0/0    16:04   0:47   3:03 
Derek Roy                1  0  1   1  0   4  0  0  0  0  10/12  10:10   0:00   0:00 
Derek Stepan             1  0  1   1  0   4  1  0  0  0  5/12   22:34   5:56   1:34 
Jason Zucker             0  0  0   0  0   1  0  0  0  0  0/0     5:28   0:47   0:56 
Kevin Shattenkirk        0  1  1   1  0   1  0  2  0  0  0/0    24:32   5:57   3:03 
Marcel Goc               0  0  0   0  0   0  1  0  0  0  6/10    7:07   0:00   3:26 
Marcus Johansson         0  1  1   1  0   3  2  0  0  0  1/3    20:14   5:56   0:00 
Matt Calvert             0  0  0   0  0   0  0  0  0  0  0/0     3:20   0:00   3:20 
Quinton Howden           0  0  0   0  2   1  6  0  0  0  1/2    19:59   6:12   0:32 
Riley Sheahan            0  1  1   0  0   1  0  0  0  0  14/30  20:10   6:12   0:00 
Robyn Regehr             0  0  0   2  4   3  4  1  0  0  0/0    20:30   6:11   0:00 
Sami Vatanen             0  0  0   1  0   1  0  0  0  0  0/0    22:38   5:57   1:51 
Tyson Barrie             0  2  2   2  0   4  0  1  0  0  0/0    23:04   6:11   1:51 
Valeri Nichushkin        0  1  1   1  0   0  0  1  0  0  0/0    10:57   0:47   0:00 
Victor Bartley           0  0  0  -1  0   0  2  0  0  0  0/0    13:10   0:47   0:00 
Vincent Lecavalier       1  0  1   0  0   3  1  0  0  0  4/7    19:12   5:56   0:00 

3 Stars

1 - Tyson Barrie (COL)
2 - Drew Doughty (BOS)
3 - Derek Stepan (COL)

Power Play

Bruins - 1 on 3 Attempt(s) - 33.33%
Avalanche - 0 on 5 Attempt(s) - 0.00%

Penalty Kill

Bruins - 5 on 5 Attempt(s) - 100.00% - Score 0 goal in Penalty Kill
Avalanche - 2 on 3 Attempt(s) - 66.67% - Score 0 goal in Penalty Kill

Team Stat

Bruins - Hits : 31 - Faceoff Wins : 36 - Blocked Shots : 8 - Penalty Minutes : 23
Avalanche - Hits : 19 - Faceoff Wins : 44 - Blocked Shots : 7 - Penalty Minutes : 6

Official

Referees : Brad Watson and Tim Peel
Linesman : Mike Cvik and Jay Sharrers

Game Notes

Andrew Ladd ejected from game at 9:30 of 2nd period

Finance

Level 1 -- Attendance: 6025 (92.69%) -- Ticket Income $614,550
Level 2 -- Attendance: 5000 (100.00%) -- Ticket Income $375,000
Level 3 -- Attendance: 3305 (94.43%) -- Ticket Income $181,775
Level 4 -- Attendance: 2007 (100.00%) -- Ticket Income $90,315
Luxury Box -- Attendance: 900 (90.00%) -- Ticket Income $180,000
Game was played at the Pepsi Center'
Total Attendance: 17237 (95.72%)
Total Ticket Income: $1,441,640
Other Income: $216,246
Total Income: $1,657,886

% Time on Ice - Bruins

Lines # - Real PCT - Wanted PCT - Time Play
Normal Forward
1 - 32% - 40% - 13:07
2 - 29% - 30% - 12:13
3 - 22% - 20% - 9:06
4 - 17% - 10% - 7:03
Normal Defense
1 - 39% - 40% - 16:02
2 - 37% - 30% - 15:09
3 - 24% - 20% - 9:47
4 - 1% - 10% - 0:31
PP Forward
1 - 59% - 60% - 2:54
2 - 41% - 40% - 2:00
PP Defense
1 - 66% - 60% - 3:15
2 - 34% - 40% - 1:39
PK Forward
1 - 63% - 60% - 8:05
2 - 37% - 40% - 4:50
PK Defense
1 - 52% - 60% - 6:44
2 - 48% - 40% - 6:11
PK3 Forward
1 - 0% - 60%
2 - 0% - 40%
PK3 Defense
1 - 0% - 60%
2 - 0% - 40%
44 Forward
1 - 0% - 60%
2 - 0% - 40%
44 Defense
1 - 0% - 60%
2 - 0% - 40%
Last Minute Offensive  - 0:42
Last Minute Defensive  - 0:00
Total
Forward - 60:00
Defense - 60:00

% Time on Ice - Avalanche

Lines # - Real PCT - Wanted PCT - Time Play
Normal Forward
1 - 35% - 40% - 14:18
2 - 32% - 35% - 13:16
3 - 25% - 20% - 10:10
4 - 9% - 5% - 3:41
Normal Defense
1 - 36% - 40% - 14:50
2 - 32% - 30% - 13:14
3 - 30% - 20% - 12:14
4 - 3% - 10% - 1:07
PP Forward
1 - 52% - 50% - 6:43
2 - 48% - 50% - 6:12
PP Defense
1 - 52% - 50% - 6:44
2 - 48% - 50% - 6:11
PK Forward
1 - 73% - 60% - 3:36
2 - 27% - 40% - 1:18
PK Defense
1 - 62% - 60% - 3:03
2 - 38% - 40% - 1:51
PK3 Forward
1 - 0% - 60%
2 - 0% - 40%
PK3 Defense
1 - 0% - 60%
2 - 0% - 40%
44 Forward
1 - 0% - 60%
2 - 0% - 40%
44 Defense
1 - 0% - 60%
2 - 0% - 40%
Last Minute Offensive  - 0:00
Last Minute Defensive  - 0:46
Total
Forward - 60:00
Defense - 60:00

Play by Play

1st period


0:01 of 1st period - Patrice Bergeron wins face-off versus Derek Stepan in neutral zone.
0:35 of 1st period - Icing by Kevin Shattenkirk.
0:36 of 1st period - Zach Parise wins face-off versus Derek Stepan in Avalanche zone.
0:37 of 1st period - Shot by Andrew Ladd.
0:37 of 1st period - Shot Misses the Net.
0:40 of 1st period - Icing by Derek Stepan.
0:41 of 1st period - Ryan Strome wins face-off versus Cody Hodgson in Avalanche zone.
0:42 of 1st period - Shot by Brad Marchand.
0:42 of 1st period - Stopped by Martin Jones without a rebound.
0:43 of 1st period - Zach Parise wins face-off versus Riley Sheahan in Avalanche zone.
1:05 of 1st period - Shot by Zach Parise.
1:05 of 1st period - Stopped by Martin Jones without a rebound.
1:06 of 1st period - Derek Roy wins face-off versus Ryan Strome in Avalanche zone.
1:06 of 1st period - Derek Roy is hit by Matt Moulson.
1:18 of 1st period - Shot by Valeri Nichushkin.
1:18 of 1st period - Deflect By Derek Roy.
1:18 of 1st period - Stopped by Tuukka Rask without a rebound.
1:19 of 1st period - Ryan Spooner wins face-off versus Riley Sheahan in Bruins zone.
1:49 of 1st period - Off-side.
1:50 of 1st period - Derek Roy wins face-off versus Patrice Bergeron in neutral zone.
1:57 of 1st period - Shot by Derek Roy.
1:57 of 1st period - Stopped by Tuukka Rask without a rebound.
1:58 of 1st period - Ryan Strome wins face-off versus Marcel Goc in Bruins zone.
2:10 of 1st period - Icing by Brad Marchand.
2:11 of 1st period - Ryan Strome wins face-off versus Marcus Johansson in Bruins zone.
2:11 of 1st period - Dougie Hamilton is hit by Marcus Johansson and loses puck.
2:41 of 1st period - Ryan Strome is hit by Robyn Regehr and loses puck.
3:19 of 1st period - Derek Roy is hit by Drew Doughty.
3:37 of 1st period - Valeri Nichushkin is hit by Carl Soderberg and loses puck.
3:50 of 1st period - Kevin Shattenkirk is hit by Carl Soderberg and loses puck.
3:59 of 1st period - Shot by Jakub Voracek.
3:59 of 1st period - Stopped by Martin Jones without a rebound.
4:00 of 1st period - Riley Sheahan wins face-off versus Zach Parise in Avalanche zone.
4:07 of 1st period - Icing by Matt Bartkowski.
4:08 of 1st period - Zach Parise wins face-off versus Riley Sheahan in Bruins zone.
4:08 of 1st period - Zach Parise is hit by Quinton Howden.
4:13 of 1st period - Minor Penalty to Quinton Howden for Interference.
4:14 of 1st period - Marcel Goc wins face-off versus Ryan Strome in Avalanche zone.
4:31 of 1st period - Shot by John Carlson.
4:31 of 1st period - Stopped by Martin Jones with a rebound.
6:47 of 1st period - Shot by Ryan Spooner.
6:47 of 1st period - Goal by Ryan Spooner - Bruins : 1 - Avalanche : 0.
6:48 of 1st period - Derek Roy wins face-off versus Zach Parise in neutral zone.
6:51 of 1st period - Torey Krug is hit by Boone Jenner and loses puck.
7:02 of 1st period - Shot by Andrew Ladd.
7:02 of 1st period - Shot Misses the Net.
7:04 of 1st period - Shot by Andrew Ladd.
7:04 of 1st period - Stopped by Martin Jones with a rebound.
7:06 of 1st period - Shot by Zach Parise.
7:06 of 1st period - Shot Misses the Net.
7:51 of 1st period - Icing by Derek Stepan.
7:52 of 1st period - Ryan Strome wins face-off versus Derek Stepan in Avalanche zone.
8:17 of 1st period - Shot by Brad Marchand.
8:17 of 1st period - Stopped by Martin Jones with a rebound.
8:19 of 1st period - Shot by Brad Marchand.
8:19 of 1st period - Stopped by Martin Jones without a rebound.
8:20 of 1st period - Riley Sheahan wins face-off versus Patrice Bergeron in Avalanche zone.
8:20 of 1st period - Riley Sheahan is hit by Carl Soderberg.
8:25 of 1st period - Colby Robak is hit by Dougie Hamilton.
9:14 of 1st period - Derek Stepan is hit by Dougie Hamilton.
9:19 of 1st period - Derek Stepan is hit by John Carlson and loses puck.
9:23 of 1st period - Derek Stepan is hit by Dougie Hamilton and loses puck.
9:30 of 1st period - Shot by Derek Stepan.
9:30 of 1st period - Shot Misses the Net.
9:37 of 1st period - Minor Penalty to Dougie Hamilton for Roughing.
9:38 of 1st period - Vincent Lecavalier wins face-off versus Andrew Ladd in Bruins zone.
9:45 of 1st period - Shot by Sami Vatanen.
9:45 of 1st period - Stopped by Tuukka Rask without a rebound.
9:46 of 1st period - Andrew Ladd wins face-off versus Riley Sheahan in Bruins zone.
9:46 of 1st period - Andrew Ladd is hit by Quinton Howden.
10:00 of 1st period - Shot by Andrew Ladd.
10:00 of 1st period - Shot Blocked by Cody Hodgson.
10:02 of 1st period - Shot by Andrew Ladd.
10:02 of 1st period - Shot Blocked by Kevin Shattenkirk.
10:36 of 1st period - Shot by Robyn Regehr.
10:36 of 1st period - Deflect By Marcus Johansson.
10:36 of 1st period - Shot Misses the Net.
10:38 of 1st period - Shot by Robyn Regehr.
10:38 of 1st period - Shot Blocked by Drew Doughty.
10:50 of 1st period - Shot by Derek Stepan.
10:50 of 1st period - Shot Misses the Net.
10:52 of 1st period - Shot by Marcus Johansson.
10:52 of 1st period - Stopped by Tuukka Rask without a rebound.
10:53 of 1st period - Vincent Lecavalier wins face-off versus Carl Soderberg in Bruins zone.
11:02 of 1st period - Shot by Marcus Johansson.
11:02 of 1st period - Stopped by Tuukka Rask with a rebound.
11:04 of 1st period - Shot by Robyn Regehr.
11:04 of 1st period - Stopped by Tuukka Rask without a rebound.
11:05 of 1st period - Andrew Ladd wins face-off versus Riley Sheahan in Bruins zone.
11:05 of 1st period - Andrew Ladd is hit by Quinton Howden.
11:34 of 1st period - Shot by Riley Sheahan.
11:34 of 1st period - Shot Misses the Net.
11:36 of 1st period - Shot by Sami Vatanen.
11:36 of 1st period - Shot Blocked by Drew Doughty.
12:01 of 1st period - Shot by Reilly Smith.
12:01 of 1st period - Shot Misses the Net.
12:10 of 1st period - Minor Penalty to Dougie Hamilton for Holding.
12:11 of 1st period - Vincent Lecavalier wins face-off versus Carl Soderberg in Bruins zone.
12:16 of 1st period - Shot by Marcus Johansson.
12:16 of 1st period - Stopped by Tuukka Rask with a rebound.
12:32 of 1st period - Shot by Tyson Barrie.
12:32 of 1st period - Shot Misses the Net.
14:15 of 1st period - Icing by Ryan Spooner.
14:16 of 1st period - Derek Roy wins face-off versus Ryan Spooner in Bruins zone.
14:25 of 1st period - Shot by Valeri Nichushkin.
14:25 of 1st period - Shot Misses the Net.
14:27 of 1st period - Shot by Valeri Nichushkin.
14:27 of 1st period - Shot Blocked by Dougie Hamilton.
14:29 of 1st period - Shot by Valeri Nichushkin.
14:29 of 1st period - Shot Misses the Net.
14:40 of 1st period - Derek Roy is hit by Dougie Hamilton and loses puck.
15:56 of 1st period - Off-side.
15:57 of 1st period - Riley Sheahan wins face-off versus Patrice Bergeron in neutral zone.
16:27 of 1st period - Shot by Torey Krug.
16:27 of 1st period - Shot Blocked by Tyson Barrie.
16:39 of 1st period - Shot by Jakub Voracek.
16:39 of 1st period - Stopped by Martin Jones without a rebound.
16:40 of 1st period - Derek Roy wins face-off versus Ryan Strome in Avalanche zone.
16:48 of 1st period - Off-side.
16:49 of 1st period - Boone Jenner wins face-off versus Zach Parise in neutral zone.
16:49 of 1st period - Derek Roy is hit by Andrew Ladd and loses puck.
17:24 of 1st period - Shot by Victor Bartley.
17:24 of 1st period - Shot Misses the Net.
17:44 of 1st period - Marcus Johansson is hit by Niklas Kronwall and loses puck.
18:04 of 1st period - Cody Hodgson is hit by Drew Doughty and loses puck.
18:07 of 1st period - Shot by Cody Hodgson.
18:07 of 1st period - Stopped by Tuukka Rask without a rebound.
18:08 of 1st period - Riley Sheahan wins face-off versus Patrice Bergeron in Bruins zone.
18:09 of 1st period - Shot by Tyson Barrie.
18:09 of 1st period - Shot Misses the Net.
18:11 of 1st period - Shot by Vincent Lecavalier.
18:11 of 1st period - Goal by Vincent Lecavalier - Bruins : 1 - Avalanche : 1.
18:12 of 1st period - Patrice Bergeron wins face-off versus Riley Sheahan in neutral zone.
19:32 of 1st period - Shot by Dougie Hamilton.
19:32 of 1st period - Shot Misses the Net.
19:45 of 1st period - Icing by John Carlson.
19:46 of 1st period - Marcel Goc wins face-off versus Ryan Strome in Bruins zone.
Goals for this period are 1 for Bruins vs 1 for Avalanche.
Shots for this period are 9 for Bruins vs 9 for Avalanche.

2nd period


0:01 of 2nd period - Patrice Bergeron wins face-off versus Derek Stepan in neutral zone.
0:37 of 2nd period - Derek Stepan is hit by Drew Doughty and loses puck.
0:53 of 2nd period - Off-side.
0:54 of 2nd period - Andrew Ladd wins face-off versus Riley Sheahan in neutral zone.
0:54 of 2nd period - Zach Parise is hit by Vincent Lecavalier and loses puck.
1:06 of 2nd period - Icing by Riley Sheahan.
1:07 of 2nd period - Riley Sheahan wins face-off versus Ryan Strome in Avalanche zone.
1:32 of 2nd period - Dougie Hamilton is hit by Quinton Howden and loses puck.
1:44 of 2nd period - Matt Moulson is hit by Robyn Regehr and loses puck.
1:47 of 2nd period - Shot by Matt Moulson.
1:47 of 2nd period - Shot Blocked by Robyn Regehr.
1:48 of 2nd period - Minor Penalty to Robyn Regehr for Roughing.
1:49 of 2nd period - Marcel Goc wins face-off versus Patrice Bergeron in Avalanche zone.
1:49 of 2nd period - Marcel Goc is hit by Patrice Bergeron.
2:54 of 2nd period - Shot by Andrew Ladd.
2:54 of 2nd period - Shot Misses the Net.
2:56 of 2nd period - Shot by Drew Doughty.
2:56 of 2nd period - Stopped by Martin Jones with a rebound.
3:52 of 2nd period - Minor Penalty to Drew Doughty for Holding.
3:53 of 2nd period - Vincent Lecavalier wins face-off versus Patrice Bergeron in Bruins zone.
4:19 of 2nd period - Marcus Johansson is hit by Dougie Hamilton and loses puck.
4:22 of 2nd period - Shot by Tyson Barrie.
4:22 of 2nd period - Stopped by Tuukka Rask without a rebound.
4:23 of 2nd period - Patrice Bergeron wins face-off versus Riley Sheahan in Bruins zone.
4:38 of 2nd period - Shot by Riley Sheahan.
4:38 of 2nd period - Stopped by Tuukka Rask without a rebound.
4:39 of 2nd period - Carl Soderberg wins face-off versus Quinton Howden in Bruins zone.
4:55 of 2nd period - Shot by Kevin Shattenkirk.
4:55 of 2nd period - Shot Misses the Net.
5:37 of 2nd period - Shot by Robyn Regehr.
5:37 of 2nd period - Stopped by Tuukka Rask without a rebound.
5:38 of 2nd period - Patrice Bergeron wins face-off versus Vincent Lecavalier in Bruins zone.
5:53 of 2nd period - Shot by Vincent Lecavalier.
5:53 of 2nd period - Shot Misses the Net.
6:14 of 2nd period - Icing by Victor Bartley.
6:15 of 2nd period - Derek Roy wins face-off versus Zach Parise in Avalanche zone.
6:44 of 2nd period - Shot by Zach Parise.
6:44 of 2nd period - Deflect By Reilly Smith.
6:44 of 2nd period - Stopped by Martin Jones without a rebound.
6:45 of 2nd period - Patrice Bergeron wins face-off versus Derek Stepan in Avalanche zone.
7:20 of 2nd period - Shot by Jakub Voracek.
7:20 of 2nd period - Stopped by Martin Jones without a rebound.
7:21 of 2nd period - Riley Sheahan wins face-off versus Zach Parise in Avalanche zone.
7:34 of 2nd period - Shot by Quinton Howden.
7:34 of 2nd period - Stopped by Tuukka Rask without a rebound.
7:35 of 2nd period - Derek Roy wins face-off versus Ryan Strome in Bruins zone.
7:40 of 2nd period - Shot by Valeri Nichushkin.
7:40 of 2nd period - Deflect By Boone Jenner.
7:40 of 2nd period - Shot Misses the Net.
8:57 of 2nd period - Shot by Jakub Voracek.
8:57 of 2nd period - Shot Misses the Net.
9:16 of 2nd period - Victor Bartley is hit by John Carlson and loses puck.
9:30 of 2nd period - Major / Game Misconduct Penalty to Andrew Ladd for Unsportsmanlike conduct.
9:30 of 2nd period - Andrew Ladd is ejected from game.
9:31 of 2nd period - Patrice Bergeron wins face-off versus Riley Sheahan in Bruins zone.
10:32 of 2nd period - Shot by Sami Vatanen.
10:32 of 2nd period - Shot Blocked by Niklas Kronwall.
10:34 of 2nd period - Shot by Vincent Lecavalier.
10:34 of 2nd period - Shot Misses the Net.
10:36 of 2nd period - Shot by Derek Stepan.
10:36 of 2nd period - Shot Misses the Net.
10:40 of 2nd period - Shot by Derek Stepan.
10:40 of 2nd period - Stopped by Tuukka Rask with a rebound.
10:42 of 2nd period - Shot by Vincent Lecavalier.
10:42 of 2nd period - Stopped by Tuukka Rask without a rebound.
10:43 of 2nd period - Carl Soderberg wins face-off versus Vincent Lecavalier in Bruins zone.
12:04 of 2nd period - Marcus Johansson is hit by Torey Krug.
12:14 of 2nd period - Shot by Kevin Shattenkirk.
12:14 of 2nd period - Stopped by Tuukka Rask without a rebound.
12:15 of 2nd period - Patrice Bergeron wins face-off versus Riley Sheahan in Bruins zone.
12:28 of 2nd period - John Carlson is hit by Quinton Howden and loses puck.
12:43 of 2nd period - Shot by Cody Hodgson.
12:43 of 2nd period - Shot Blocked by Brad Marchand.
13:36 of 2nd period - Shot by Marcus Johansson.
13:36 of 2nd period - Shot Misses the Net.
13:38 of 2nd period - Shot by Sami Vatanen.
13:38 of 2nd period - Shot Blocked by Patrice Bergeron.
14:00 of 2nd period - Shot by Victor Bartley.
14:00 of 2nd period - Shot Misses the Net.
14:21 of 2nd period - Shot by Jason Zucker.
14:21 of 2nd period - Stopped by Tuukka Rask with a rebound.
14:54 of 2nd period - Cody Hodgson is hit by Matt Bartkowski and loses puck.
15:18 of 2nd period - Shot by Valeri Nichushkin.
15:18 of 2nd period - Shot Misses the Net.
15:20 of 2nd period - Shot by Derek Roy.
15:20 of 2nd period - Goal by Derek Roy - Bruins : 1 - Avalanche : 2.
15:21 of 2nd period - Riley Sheahan wins face-off versus Ryan Spooner in neutral zone.
15:34 of 2nd period - Vincent Lecavalier is hit by Ryan Callahan and loses puck.
17:21 of 2nd period - Off-side.
17:22 of 2nd period - Riley Sheahan wins face-off versus Zach Parise in neutral zone.
17:24 of 2nd period - Off-side.
17:25 of 2nd period - Riley Sheahan wins face-off versus Patrice Bergeron in neutral zone.
17:27 of 2nd period - Colby Robak is hit by Carl Soderberg and loses puck.
18:03 of 2nd period - Vincent Lecavalier is hit by Drew Doughty and loses puck.
18:38 of 2nd period - Shot by Derek Stepan.
18:38 of 2nd period - Goal by Derek Stepan - Bruins : 1 - Avalanche : 3.
18:39 of 2nd period - Derek Roy wins face-off versus Ryan Spooner in neutral zone.
18:41 of 2nd period - Off-side.
18:42 of 2nd period - Derek Roy wins face-off versus Zach Parise in neutral zone.
19:11 of 2nd period - Shot by Derek Roy.
19:11 of 2nd period - Shot Misses the Net.
19:19 of 2nd period - Shot by Zach Parise.
19:19 of 2nd period - Shot Blocked by Valeri Nichushkin.
19:34 of 2nd period - Minor Penalty to Robyn Regehr for Hooking.
19:35 of 2nd period - Jakub Voracek wins face-off versus Marcel Goc in Avalanche zone.
19:36 of 2nd period - Shot by Brad Marchand.
19:36 of 2nd period - Stopped by Martin Jones without a rebound.
19:37 of 2nd period - Marcel Goc wins face-off versus Ryan Strome in Avalanche zone.
Goals for this period are 0 for Bruins vs 2 for Avalanche.
Shots for this period are 4 for Bruins vs 10 for Avalanche.

3rd period


0:01 of 3rd period - Ryan Strome wins face-off versus Marcel Goc in neutral zone.
0:14 of 3rd period - Shot by Torey Krug.
0:14 of 3rd period - Shot Blocked by Colby Robak.
0:28 of 3rd period - Shot by John Carlson.
0:28 of 3rd period - Shot Misses the Net.
0:30 of 3rd period - Shot by Torey Krug.
0:30 of 3rd period - Deflect By Reilly Smith.
0:30 of 3rd period - Goal by Reilly Smith - Bruins : 2 - Avalanche : 3.
0:31 of 3rd period - Ryan Spooner wins face-off versus Derek Stepan in neutral zone.
0:34 of 3rd period - Robyn Regehr is hit by Ryan Callahan.
0:45 of 3rd period - Derek Stepan is hit by Drew Doughty and loses puck.
0:52 of 3rd period - Shot by Cody Hodgson.
0:52 of 3rd period - Deflect By Derek Stepan.
0:52 of 3rd period - Shot Misses the Net.
0:59 of 3rd period - Cody Hodgson is hit by Drew Doughty and loses puck.
1:04 of 3rd period - Shot by Tyson Barrie.
1:04 of 3rd period - Stopped by Tuukka Rask without a rebound.
1:05 of 3rd period - Riley Sheahan wins face-off versus Patrice Bergeron in Bruins zone.
1:20 of 3rd period - Shot by Kevin Shattenkirk.
1:20 of 3rd period - Shot Blocked by Dougie Hamilton.
2:08 of 3rd period - Icing by John Carlson.
2:09 of 3rd period - Cody Hodgson wins face-off versus Patrice Bergeron in Bruins zone.
3:24 of 3rd period - Shot by Brad Marchand.
3:24 of 3rd period - Stopped by Martin Jones without a rebound.
3:25 of 3rd period - Marcel Goc wins face-off versus Ryan Spooner in Avalanche zone.
3:42 of 3rd period - Icing by Torey Krug.
3:43 of 3rd period - Riley Sheahan wins face-off versus Ryan Spooner in Bruins zone.
4:13 of 3rd period - Ryan Callahan is hit by Victor Bartley and loses puck.
4:29 of 3rd period - Icing by Victor Bartley.
4:30 of 3rd period - Riley Sheahan wins face-off versus Zach Parise in Avalanche zone.
4:40 of 3rd period - Shot by Zach Parise.
4:40 of 3rd period - Stopped by Martin Jones without a rebound.
4:41 of 3rd period - Marcus Johansson wins face-off versus Ryan Strome in Avalanche zone.
4:54 of 3rd period - Shot by Cody Hodgson.
4:54 of 3rd period - Shot Blocked by Drew Doughty.
4:56 of 3rd period - Shot by Derek Stepan.
4:56 of 3rd period - Shot Hit the Post.
5:02 of 3rd period - Shot by Derek Stepan.
5:02 of 3rd period - Stopped by Tuukka Rask without a rebound.
5:03 of 3rd period - Patrice Bergeron wins face-off versus Derek Roy in Bruins zone.
5:16 of 3rd period - Shot by Jakub Voracek.
5:16 of 3rd period - Stopped by Martin Jones without a rebound.
5:17 of 3rd period - Derek Stepan wins face-off versus Zach Parise in Avalanche zone.
5:47 of 3rd period - Off-side.
5:48 of 3rd period - Ryan Strome wins face-off versus Riley Sheahan in neutral zone.
5:50 of 3rd period - John Carlson is hit by Robyn Regehr and loses puck.
5:55 of 3rd period - Shot by Ryan Strome.
5:55 of 3rd period - Stopped by Martin Jones without a rebound.
5:56 of 3rd period - Ryan Strome wins face-off versus Riley Sheahan in Avalanche zone.
6:02 of 3rd period - Off-side.
6:03 of 3rd period - Derek Stepan wins face-off versus Patrice Bergeron in neutral zone.
8:28 of 3rd period - Shot by Derek Roy.
8:28 of 3rd period - Stopped by Tuukka Rask without a rebound.
8:29 of 3rd period - Patrice Bergeron wins face-off versus Marcel Goc in Bruins zone.
8:29 of 3rd period - Patrice Bergeron is hit by Marcel Goc.
8:32 of 3rd period - Niklas Kronwall is hit by Boone Jenner.
8:47 of 3rd period - Marcel Goc is hit by Drew Doughty and loses puck.
9:15 of 3rd period - Icing by Cody Hodgson.
9:16 of 3rd period - Cody Hodgson wins face-off versus Ryan Spooner in Avalanche zone.
9:18 of 3rd period - Derek Stepan is hit by Ryan Callahan and loses puck.
9:33 of 3rd period - Minor Penalty to Matt Bartkowski for Hooking.
9:34 of 3rd period - Patrice Bergeron wins face-off versus Riley Sheahan in Bruins zone.
9:34 of 3rd period - Patrice Bergeron is hit by Quinton Howden.
10:06 of 3rd period - Shot by Tyson Barrie.
10:06 of 3rd period - Stopped by Tuukka Rask with a rebound.
10:44 of 3rd period - Shot by Sami Vatanen.
10:44 of 3rd period - Shot Misses the Net.
11:10 of 3rd period - Off-side.
11:11 of 3rd period - Quinton Howden wins face-off versus Patrice Bergeron in neutral zone.
11:32 of 3rd period - Icing by Cody Hodgson.
11:33 of 3rd period - Zach Parise wins face-off versus Derek Roy in Avalanche zone.
11:33 of 3rd period - Niklas Kronwall is hit by Victor Bartley and loses puck.
11:43 of 3rd period - Icing by Niklas Kronwall.
11:44 of 3rd period - Marcel Goc wins face-off versus Zach Parise in Bruins zone.
12:25 of 3rd period - Shot by Zach Parise.
12:25 of 3rd period - Shot Misses the Net.
12:43 of 3rd period - Shot by Dougie Hamilton.
12:43 of 3rd period - Stopped by Martin Jones with a rebound.
12:50 of 3rd period - Icing by Dougie Hamilton.
12:51 of 3rd period - Riley Sheahan wins face-off versus Ryan Strome in Bruins zone.
13:20 of 3rd period - Shot by Ryan Strome.
13:20 of 3rd period - Stopped by Martin Jones with a rebound.
13:22 of 3rd period - Shot by John Carlson.
13:22 of 3rd period - Shot Misses the Net.
13:24 of 3rd period - Shot by John Carlson.
13:24 of 3rd period - Shot Misses the Net.
13:31 of 3rd period - Icing by Tyson Barrie.
13:32 of 3rd period - Riley Sheahan wins face-off versus Patrice Bergeron in Avalanche zone.
13:32 of 3rd period - Tyson Barrie is hit by Patrice Bergeron and loses puck.
13:37 of 3rd period - Shot by Jakub Voracek.
13:37 of 3rd period - Stopped by Martin Jones with a rebound.
14:08 of 3rd period - Shot by Patrice Bergeron.
14:08 of 3rd period - Stopped by Martin Jones without a rebound.
14:09 of 3rd period - Derek Stepan wins face-off versus Reilly Smith in Avalanche zone.
14:09 of 3rd period - Derek Stepan is hit by Zach Parise.
14:21 of 3rd period - Shot by Cody Hodgson.
14:21 of 3rd period - Stopped by Tuukka Rask without a rebound.
14:22 of 3rd period - Derek Roy wins face-off versus Ryan Strome in Bruins zone.
14:22 of 3rd period - Kevin Shattenkirk is hit by Dougie Hamilton.
15:16 of 3rd period - Off-side.
15:17 of 3rd period - Patrice Bergeron wins face-off versus Derek Stepan in neutral zone.
15:19 of 3rd period - Drew Doughty is hit by Marcus Johansson and loses puck.
15:30 of 3rd period - Shot by Jakub Voracek.
15:30 of 3rd period - Stopped by Martin Jones without a rebound.
15:31 of 3rd period - Zach Parise wins face-off versus Riley Sheahan in Avalanche zone.
15:35 of 3rd period - Zach Parise is hit by Robyn Regehr and loses puck.
15:42 of 3rd period - Shot by Reilly Smith.
15:42 of 3rd period - Stopped by Martin Jones without a rebound.
15:43 of 3rd period - Derek Stepan wins face-off versus Ryan Spooner in Avalanche zone.
15:52 of 3rd period - Shot by Ryan Callahan.
15:52 of 3rd period - Stopped by Martin Jones with a rebound.
16:02 of 3rd period - Shot by Cody Hodgson.
16:02 of 3rd period - Shot Misses the Net.
16:06 of 3rd period - Shot by Derek Stepan.
16:06 of 3rd period - Stopped by Tuukka Rask without a rebound.
16:07 of 3rd period - Patrice Bergeron wins face-off versus Vincent Lecavalier in Bruins zone.
16:33 of 3rd period - Shot by Carl Soderberg.
16:33 of 3rd period - Stopped by Martin Jones without a rebound.
16:34 of 3rd period - Zach Parise wins face-off versus Marcus Johansson in Avalanche zone.
16:51 of 3rd period - Shot by Tyson Barrie.
16:51 of 3rd period - Shot Misses the Net.
16:53 of 3rd period - Shot by Robyn Regehr.
16:53 of 3rd period - Stopped by Tuukka Rask with a rebound.
16:55 of 3rd period - Shot by Tyson Barrie.
16:55 of 3rd period - Stopped by Tuukka Rask with a rebound.
16:57 of 3rd period - Shot by Cody Hodgson.
16:57 of 3rd period - Shot Misses the Net.
17:32 of 3rd period - Shot by Riley Sheahan.
17:32 of 3rd period - Deflect By Vincent Lecavalier.
17:32 of 3rd period - Stopped by Tuukka Rask without a rebound.
17:33 of 3rd period - Ryan Strome wins face-off versus Riley Sheahan in Bruins zone.
17:54 of 3rd period - Shot by Brad Marchand.
17:54 of 3rd period - Deflect By Matt Moulson.
17:54 of 3rd period - Shot Blocked by Kevin Shattenkirk.
17:56 of 3rd period - Shot by Matt Moulson.
17:56 of 3rd period - Shot Misses the Net.
18:06 of 3rd period - Kevin Shattenkirk is hit by Ryan Strome and loses puck.
18:57 of 3rd period - Shot by Ryan Callahan.
18:57 of 3rd period - Shot Misses the Net.
19:01 of 3rd period - Bruins, Tuukka Rask is pulled from the net.
19:13 of 3rd period - Icing by Torey Krug.
19:14 of 3rd period - Tuukka Rask from Bruins was sent back in the game.
19:14 of 3rd period - Derek Stepan wins face-off versus Ryan Spooner in Bruins zone.
19:17 of 3rd period - Shot by Cody Hodgson.
19:17 of 3rd period - Stopped by Tuukka Rask without a rebound.
19:18 of 3rd period - Carl Soderberg wins face-off versus Riley Sheahan in Bruins zone.
19:18 of 3rd period - Carl Soderberg is hit by Derek Stepan.
19:24 of 3rd period - Bruins, Tuukka Rask is pulled from the net.
19:45 of 3rd period - Shot by Torey Krug.
19:45 of 3rd period - Shot Misses the Net.
Goals for this period are 1 for Bruins vs 0 for Avalanche.
Shots for this period are 13 for Bruins vs 10 for Avalanche.


Output by the SimonT Hockey Simulator (STHS) for Stephane Roy -- Original Page W3C XHTML 1.0 Valid
Hockey Simulator - Hockey Simulation - Hockey Manager